 Dungeon Crawl Stone Soup version 0.26-a0-712-ga5a9c9c9d0 (webtiles) character file.

Game seed: 6663581916912924997

(classic levelgen) 19441 EnegeticOcto the Pandemonic (level 12, -36/112 HPs)
             Began as a Deep Dwarf Fighter on Nov 3, 2020.
             Was a High Priest of Makhleb.
             Blown up by an orb spider (shapeshifter) (54 damage)
             ... with an orb of destruction
             ... while paralysed by a hornet
             ... on level 13 of the Dungeon.
             The game lasted 00:06:48 (7509 turns).

EnegeticOcto the Pandemonic (Deep Dwarf Fighter)    Turns: 7509, Time: 00:06:49

Health: -36/112    AC: 15    Str: 29    XL:     12   Next: 36%
Magic:  9/9        EV:  2    Int: 10    God:    Makhleb [*****.]
Gold:   550        SH:  0    Dex: 12    Spells: 12/12 levels left

rFire    . . .     SeeInvis .   F - +7 Screaming Sword {vorpal, sonic wave}
rCold    + . .     Faith    .   c - +1 kite shield
rNeg     . . .     Spirit   .   A - +0 plate armour
rPois    .         Reflect  +   (no helmet)
rElec    +         Harm     .   (no cloak)
rCorr    .         Rampage  .   (no gloves)
MR       +....                  v - +0 pair of boots
Stlth    ..........             u - amulet "Emne" {Reflect rElec Str+5 SH+5}
HPRegen  0.00/turn              (no ring)
MPRegen  0.11/turn              i - ring of protection from cold

@: paralysed, lethally poisoned (-36 -> -51), non-regenerating, slowed
A: damage resistance, heal wounds, sense surroundings 2, no regeneration
a: Heal Wounds, Minor Destruction, Lesser Servant of Makhleb, Major Destruction,
Greater Servant of Makhleb, Renounce Religion


You were on level 13 of the Dungeon.
You worshipped Makhleb.
Makhleb was extremely pleased with you.
You visited 2 branches of the dungeon, and saw 14 of its levels.
You also visited: Ossuary.

You collected 571 gold pieces.
You spent 21 gold pieces at shops.

Inventory:

Hand Weapons
 a - a +1 war axe
 E - a +4 war axe
 F - the +7 Screaming Sword (weapon) {vorpal, sonic wave}
   (You found it on level 10 of the Dungeon)

   It inflicts extra damage upon your enemies.
 H - a +1 dagger of distortion
 I - a +0 scimitar of flaming
Missiles
 w - a throwing net (quivered)
Armour
 c - a +1 kite shield (worn)
 k - a +0 chain mail
 v - a +0 pair of boots (worn)
 A - a +0 plate armour (worn)
Jewellery
 i - a ring of protection from cold (right hand)
 u - the amulet "Emne" (around neck) {Reflect rElec Str+5 SH+5}
   (You acquired it on level 7 of the Dungeon)

   [amulet of reflection]

   It shields you and reflects attacks.
   It affects your strength (+5).
   It insulates you from electricity.
   It affects your SH (+5).
 C - the amulet "Liuxosch" {rC+ MR+ Regen+ Slay+2}
   (You found it on level 8 of the Dungeon)

   [amulet of regeneration]

   It affects your accuracy and damage with ranged weapons and melee attacks
   (+2).
   It protects you from cold.
   It affects your resistance to hostile enchantments.
   It increases your rate of regeneration.
Wands
 m - a wand of iceblast (3) {@v2}
 o - a wand of paralysis (8)
 z - a wand of polymorph (17)
 K - a wand of digging (3) {@v3}
Scrolls
 b - a scroll of enchant armour
 f - a scroll of magic mapping {@r5}
 j - 2 scrolls of immolation {@r4}
 p - 6 scrolls of teleportation {@r3}
 q - 6 scrolls of remove curse {@r2}
 y - a scroll of fear
 D - 2 scrolls of enchant weapon
 L - a scroll of fog {unknown}
 M - a scroll of acquirement
Potions
 d - 5 potions of might {@q3}
 e - 6 potions of curing {@q1}
 g - a potion of resistance {@q5}
 h - 2 potions of ambrosia
 l - 2 potions of degeneration
 n - 5 potions of invisibility
 r - 2 potions of flight
 s - 4 potions of stabbing
 t - 2 potions of heal wounds {unknown}
 x - a potion of mutation {unknown}
 G - 4 potions of haste {unknown}
 J - 2 potions of cancellation {unknown}
Miscellaneous
 B - a tin of tremorstones (3/3)
 N - a phantom mirror


   Skills:
 + Level 8.4 Fighting
 * Level 7.3 Long Blades
 - Level 10.7 Axes
 - Level 8.2 Armour
 + Level 10.1 Shields
 + Level 0.5 Spellcasting
 - Level 11.8 Invocations


You had 12 spell levels left.
You didn't know any spells.
Your spell library was empty.

Dungeon Overview and Level Annotations

Branches:
Dungeon (13/15)            Temple (1/1) D:5            Lair (0/6) D:9
Ossuary (visited)
    Orc: D:9-12      Vaults: D:13-14

Altars:
Elyvilon
Fedhas
Gozag
Hepliaklqana
Makhleb
Nemelex Xobeh
Qazlal
Uskayaw
Wu Jian
Yredelemnul
The Shining One

Shops:
D:6 =(!}(   D:7 *?[:?

Annotations:
D:11 1 runed translucent door


Innate Abilities, Weirdness & Mutations

You are resistant to damage.
You can heal yourself by infusing magical energy.
You passively map the area around you.
You do not regenerate.


Message History

a cursed -1 mace; a +0 leather armour
Found a falchion.
L - a scroll labeled LEKOYCUEFU You now have 534 gold pieces (gained 20).
A centaur warrior zombie comes into view.
You see here a wand of polymorph (10).
A centaur warrior zombie is nearby!
A centaur warrior zombie is nearby!
Found a scroll of amnesia.
Found a phantom mirror.
You slash the centaur warrior zombie!
The centaur warrior zombie is moderately damaged.
You block the centaur warrior zombie's attack.
You slice the centaur warrior zombie!!
The centaur warrior zombie is heavily damaged.
You block the centaur warrior zombie's attack. x2
You slice the centaur warrior zombie!!
The centaur warrior zombie is almost destroyed.
The centaur warrior zombie hits you.
You hit the centaur warrior zombie.
The Singing Sword trains the pentatonic scales.
You send a blast of sound all around you.
The centaur warrior zombie is blasted.
You destroy the centaur warrior zombie!
Makhleb accepts your kill.
No target in view!
No target in view!
No target in view!
No target in view!
M - a scroll of acquirement You now have 550 gold pieces (gained 16).
z - a wand of polymorph (17) (gained 10 charges)
N - a phantom mirror
Found a stone staircase leading down.
Found a stone staircase leading down.
A black mamba comes into view.
The black mamba hisses angrily.
The black mamba changes into an orb spider!
Okay, then.
A bullfrog comes into view.
The bullfrog gives a loud, deep croak!
A hornet comes into view.
The hornet buzzes angrily.
The orb spider begins to weave its threads into a brightly glowing ball.
A boulder beetle comes into view.
You block the bullfrog's attack.
You slash the bullfrog!
The Singing Sword hums a slow waltz.
You send a blast of sound all around you.
The orb spider, the hornet and the bullfrog are blasted.
The orb spider is lightly wounded.
The hornet is lightly wounded.
You kill the bullfrog!
Makhleb accepts your kill.
You hear a shout!
You hear a deafening roar! x2; You hear a roar!
You hear a shout!
You hear a horrible gurgling sound!
You hear an angry hiss.
You block the hornet's attack.
The orb spider weaves a glowing orb of energy.
An orb of destruction comes into view.
You slash the hornet!
The hornet is moderately wounded.
You block the hornet's attack. The hornet stings you.
You feel yourself slow down.
Your plate armour prevents you from hitting the hornet.
The hornet is moderately wounded.
The orb of destruction hits you!!! You block the hornet's attack.
The orb spider begins to weave its threads into a brightly glowing ball.
The hornet stings you.
You are poisoned.
You feel as though you will be slow longer.
The hornet stings you!
You are more poisoned.
You feel as though you will be slow longer.
The boulder beetle curls into a ball and begins rolling!
A storm dragon comes into view.
You barely miss the hornet.
The hornet is moderately wounded.
The hornet barely misses you. You block something's attack.
Deactivating autopickup; reactivate with Ctrl-A.
You block the hornet's attack.
You barely miss the hornet.
The hornet is moderately wounded.
Something hits you! You block the hornet's attack.
You block the boulder beetle's attack.
The boulder beetle stops rolling and uncurls.
The hornet stings you but does no damage.
The boulder beetle bites you!
The orb spider weaves a glowing orb of energy.
The hornet stings you.
You are more poisoned.
You suddenly lose the ability to move!
An orb of destruction comes into view.
You feel sick. Something hits you but does no damage. Something hits you.
The hornet stings you!
You are more poisoned.
You shrug off the repeated paralysis!
The boulder beetle bites you!!
* * * LOW HITPOINT WARNING * * *
* * * LOW HITPOINT WARNING * * *
You feel very sick. The orb of destruction hits you!!!
You die...

,, , ,* ,####### ######## ,,
....s°.####......## ,
##....°.##...>....## ,,
,.##....○...........# ### ,
#.##..y@#.........^###.. **,
##.#...B...............#
,,,,.#.#..{D...>.......#####
, ...................# ,
.#.#..............## ,
.#.##..............# , ,
.##.##.###.........# # , ,
..##.....##........##### ,
..###.##.##.......##...


You could see a storm dragon, a boulder beetle, an orb spider shaped shifter and
a hornet.

Vanquished Creatures
  Fannar (D:11)
  A boulder beetle (D:12)
  Erica (D:11)
  2 two-headed ogres
  A death yak (D:12)
  Sonja (D:11)
  An unseen horror (D:10)
  Pikel (D:6)
  A cyclops (D:12)
  A shadow (D:13)
  6 wyverns
  7 yaks
  Grum (D:8)
  A steam dragon (D:11)
  3 water moccasins (D:9)
  3 sky beasts
  7 ice beasts
  A black bear (D:8)
  2 eyes of draining
  2 phantoms
  7 orc warriors
  2 necrophages
  2 ogres
  3 wolves (D:8)
  16 centaurs
  2 big kobolds
  4 lemures (D:6)
  10 bullfrogs
  A gnoll sergeant (D:6)
  A hornet simulacrum (D:12)
  9 scorpions
  29 killer bees
  9 wights (D:10)
  2 howler monkeys
  4 electric eels (D:12)
  2 bullfrog zombies
  2 centaur zombies
  2 jellies
  A quasit (D:10)
  A wyvern simulacrum (D:12)
  6 orc priests
  4 centaur skeletons
  6 hounds
  A human zombie (Ossuary)
  13 orc wizards
  4 iguanas
  10 worker ants
  4 centaur simulacra (D:12)
  2 bullfrog simulacra (D:12)
  3 mummies (Ossuary)
  2 worker ant zombies
  23 gnolls
  18 adders
  2 shadow imps
  5 white imps
  4 ufetubi
  3 adder skeletons
  2 adder zombies
  7 dart slugs
  2 leopard geckos
  59 orcs
  10 bats (D:10)
  A giant cockroach (D:8)
  7 goblins
  6 hobgoblins
  8 jackals
  10 kobolds
  5 quokkas
  3 ball pythons
  4 frilled lizards
  A gnoll zombie (Ossuary)
  7 goblin zombies (Ossuary)
  3 hobgoblin zombies (Ossuary)
  A jackal skeleton (D:2)
  2 kobold zombies (Ossuary)
  A quokka skeleton (D:8)
  3 quokka zombies (Ossuary)
  4 rats
409 creatures vanquished.

Vanquished Creatures (collateral kills)
  A hydra (D:11)
1 creature vanquished.

Vanquished Creatures (others)
  5 fungi
  14 plants
19 creatures vanquished.

Grand Total: 429 creatures vanquished

Notes
Turn   | Place    | Note
-------+----------+-------------------------------------------
     0 | D:1      | EnegeticOcto the Deep Dwarf Fighter began the quest for the
                  | Orb.
     0 | D:1      | Reached XP level 1. HP: 20/20 MP: 1/1
   200 | D:1      | Reached XP level 2. HP: 25/27 MP: 2/2
   371 | D:2      | Reached XP level 3. HP: 25/33 MP: 3/3
   600 | D:2      | Noticed a bullfrog
   610 | D:2      | Killed a bullfrog
   610 | D:2      | Reached XP level 4. HP: 23/42 MP: 4/4
   757 | D:3      | Reached XP level 5. HP: 23/49 MP: 5/5
   919 | D:4      | Reached XP level 6. HP: 35/56 MP: 4/4
  1093 | D:4      | Reached skill level 5 in Axes
  1298 | D:4      | Reached XP level 7. HP: 59/64 MP: 3/3
  1443 | D:4      | Found a sand-covered staircase.
  1448 | Ossuary  | Entered an ossuary
  1476 | Ossuary  | Reached skill level 5 in Armour
  1503 | Ossuary  | Reached skill level 5 in Shields
  1835 | D:5      | Entered Level 5 of the Dungeon
  2226 | D:5      | Found a staircase to the Ecumenical Temple.
  2290 | Temple   | Entered the Ecumenical Temple
  2319 | Temple   | Became a worshipper of Makhleb the Destroyer
  2558 | D:6      | Reached skill level 1 in Invocations
  2563 | D:6      | Reached XP level 8. HP: 32/73 MP: 3/5
  2568 | D:6      | Reached skill level 2 in Invocations
  2588 | D:6      | Reached * piety under Makhleb
  2669 | D:6      | Reached skill level 3 in Invocations
  2684 | D:6      | Found Qudask's Weapon Shop.
  2707 | D:6      | Found Puosm's Jewellery Shoppe.
  2716 | D:6      | Noticed Pikel
  2753 | D:6      | Killed Pikel
  2753 | D:6      | Reached skill level 5 in Fighting
  2753 | D:6      | Reached skill level 4 in Invocations
  2843 | D:6      | Reached skill level 5 in Invocations
  2843 | D:6      | Gained mutation: You passively map the area around you.
                  | [Deep Dwarf growth]
  2843 | D:6      | Reached XP level 9. HP: 55/81 MP: 7/7
  2972 | D:6      | Found Ytelomyu's Distillery.
  2994 | D:6      | Found Sufiam's Gadget Boutique.
  3098 | D:6      | Found Zyqut's Weapon Shoppe.
  3195 | D:7      | Found Afaott's Antique Armour Shop.
  3196 | D:7      | Found Ackyned's Magic Scroll Shoppe.
  3199 | D:7      | Found Wedetysu's Book Boutique.
  3276 | D:7      | Found Urche's Magic Scroll Emporium.
  3291 | D:7      | Found Xuska's Assorted Antiques.
  3417 | D:7      | Bought a scroll labeled GICOEBANEQ for 21 gold pieces
  3417 | D:7      | Acquired the amulet "Emne" {Reflect rElec Str+5 SH+5}
  3837 | D:8      | Reached skill level 6 in Invocations
  3842 | D:8      | Reached ** piety under Makhleb
  3851 | D:8      | Noticed Grum
  3878 | D:8      | Killed Grum
  3879 | D:8      | Reached skill level 7 in Invocations
  4240 | D:8      | Reached XP level 10. HP: 46/91 MP: 8/8
  4408 | D:8      | Reached skill level 8 in Invocations
  4531 | D:8      | Got a pitted platinum amulet
  4575 | D:8      | Identified the amulet "Liuxosch" {rC+ MR+ Regen+ Slay+2}
                  | (You found it on level 8 of the Dungeon)
  4690 | D:9      | Reached *** piety under Makhleb
  4709 | D:9      | Reached skill level 10 in Axes
  4709 | D:9      | Reached skill level 9 in Invocations
  4732 | D:9      | Found a staircase to the Lair.
  5106 | D:9      | Found a white marble altar of Elyvilon.
  5383 | D:10     | Entered Level 10 of the Dungeon
  5549 | D:10     | Reached **** piety under Makhleb
  5809 | D:10     | Reached skill level 10 in Invocations
  5809 | D:10     | Reached XP level 11. HP: 71/99 MP: 9/9
  5837 | D:10     | Killed an unseen horror
  5968 | D:10     | Found the +7 Singing Sword {vorpal, sonic wave}
  6059 | D:10     | Noticed a two-headed ogre
  6064 | D:10     | Killed a two-headed ogre
  6064 | D:10     | Reached skill level 1 in Long Blades
  6187 | D:11     | Noticed Sonja
  6188 | D:11     | Killed Sonja
  6211 | D:11     | Noticed a five-headed hydra
  6226 | D:11     | Killed a ten-headed hydra
  6232 | D:11     | Noticed Erica
  6244 | D:11     | Killed Erica
  6346 | D:11     | Noticed Fannar
  6358 | D:11     | Killed Fannar
  6358 | D:11     | Reached skill level 11 in Invocations
  6382 | D:11     | Reached skill level 5 in Long Blades
  6456 | D:11     | Reached ***** piety under Makhleb
  6524 | D:11     | Found a runed translucent door.
  6528 | D:11     | Noticed a sixfirhy
  6685 | D:12     | Found a frozen archway.
  6792 | D:12     | Noticed a death yak
  6806 | D:12     | Killed a death yak
  6814 | D:12     | Reached XP level 12. HP: 103/110 MP: 9/9
  6899 | D:12     | Noticed a boulder beetle
  6910 | D:12     | Killed a boulder beetle
  6922 | D:12     | Noticed a two-headed ogre
  6932 | D:12     | Killed a two-headed ogre
  7056 | D:12     | Reached skill level 10 in Shields
  7502 | D:13     | Noticed a boulder beetle
  7505 | D:13     | Noticed a storm dragon
  7507 | D:13     | Paralysed by a hornet for 3 turns
  7509 | D:13     | Blown up by an orb spider (shapeshifter)

Illustrated notes

Levels and vault maps discovered:
D:1:      dpeg_arrival_long_road, layout_loops_corners,
          nemelex_diamond_rough_becter
D:2:      layout_loops_corners
D:3:      layout_rooms
D:4:      layout_basic, nicolae_ossuary_entry_false_entrances,
          lemuel_statue_altar
D:5:      layout_basic, temple_fountains
D:6:      layout_cave_pools, serial_shops, shop, kennysheep_mini,
          nicolae_shop_window_shopping, shop, nicolae_shop_statue_plus,
          uniq_pikel
D:7:      layout_rooms, serial_shops, shop, shop, shop, nicolae_shop_waterfront,
          shop, wad_floor_pattern_1
D:8:      layout_basic, minmay_fractal_squares_gapless_5, uniq_grum
D:9:      layout_roguey, old_standard_altar, minmay_lair_entry_grove
D:10:     old_forge, layout_grid_maze, orc_0_dummy
D:11:     cheibrodos_shockbox, layout_cave_pools, uniq_erica, uniq_fannar,
          uniq_sonja
D:12:     layout_cave_pods, serial_ice, serial_ice_g, serial_ice_f,
          serial_ice_n, serial_ice_o, serial_ice_j, serial_ice_h, serial_ice_d,
          serial_ice_e, portal_ice_cave_entry_pillars_2
D:13:     minmay_strange_plus, layout_rooms
Temple:   regret_index_temple_sigil_plot

Skill      XL: |  1  2  3  4  5  6  7  8  9 10 11 12 |
---------------+-------------------------------------+-----
Axes           | 3 4 5 6 7 9 10 | 10.7
Fighting       | 3 4 5 6 7 8 |  8.4
Shields        | 4 5 6 7 8 9 10 | 10.1
Armour         | 4 5 6 7 8 |  8.2
Invocations    | 1 5 7 10 11 | 11.8
Long Blades    | 6 7 |  7.3
Spellcasting   | |  0.5

Action                   |  1- 3 |  4- 6 |  7- 9 | 10-12 || total
-------------------------+-------+-------+-------+-------++-------
Melee: War axe           |    69 |   151 |   494 |   348 ||  1062
       Double sword      |       |       |       |   193 ||   193
Invok: Lesser Servant of |       |       |       |     1 ||     1
 Abil: Heal Wounds       |       |     8 |    20 |    14 ||    42
  Use: Scroll            |       |     2 |    17 |     3 ||    22
Armor: Scale mail        |    19 |       |       |       ||    19
       Chain mail        |       |    90 |   118 |       ||   208
       Plate armour      |       |       |   197 |   385 ||   582
Dodge: Dodged            |    24 |    43 |   147 |   142 ||   356
Block: Kite shield       |    37 |    97 |   489 |   539 ||  1162
       Reflection        |       |       |     1 |    17 ||    18
       Rpst.: Double sword |       |       |       |    12 ||    12

Table legend: (Time is in decaauts)
 A = Elapsed time spent in this place.
 B = Non-inter-level travel time spent in this place.
 C = Inter-level travel time spent in this place.
 D = Time resting spent in this place.
 E = Time spent auto-exploring this place.
 F = Levels seen in this place.
 G = Mean time per level.
                   A        B        C        D        E       F      G
               +--------+--------+--------+--------+--------+-----+--------+
         Total |   7770 |   7343 |    427 |      0 |   4936 |  15 |  518.0 |
       Dungeon |   7540 |   7141 |    399 |      0 |   4851 |  13 |  580.0 |
        Temple |     50 |     22 |     28 |      0 |     20 |   1 |   50.0 |
       Ossuary |    179 |    179 |      0 |      0 |     65 |   1 |  179.0 |
               +--------+--------+--------+--------+--------+-----+--------+

Top non-repeatable levels by time:
     D:8: 871 daAuts
     D:4: 823 daAuts
     D:9: 785 daAuts
    D:12: 777 daAuts
    D:10: 742 daAuts
     D:5: 695 daAuts
     D:6: 655 daAuts
     D:7: 584 daAuts
    D:11: 558 daAuts
     D:2: 373 daAuts
     D:1: 330 daAuts
     D:3: 229 daAuts
 Ossuary: 179 daAuts
    D:13: 112 daAuts
  Temple: 50 daAuts
